 Dungeon Crawl Stone Soup version 0.31-a0-246-g8cbcc1cb85 (webtiles) character file.

Game seed: 11928763115802951460

2997 qw the Skirmisher (level 9, -9/79 HPs)
             Began as a Minotaur Hexslinger on July 12, 2023.
             Was an Initiate of Okawaru.
             Mangled by a troll (10 damage)
             ... on level 8 of the Dungeon.
             The game lasted 00:02:54 (6562 turns).

qw the Skirmisher (Minotaur Hexslinger)             Turns: 6562, Time: 00:02:55

Health: -9/79      AC:  9    Str: 12    XL:     9   Next: 54%
Magic:  7/9        EV: 19    Int: 10    God:    Okawaru [......]
Gold:   527        SH:  0    Dex: 24    Spells: 9/10 levels left

rFire   . . .        Y - +0 shortbow
rCold   . . .        (shield currently unavailable)
rNeg    . . .        g - +0 ring mail
rPois   +            (helmet restricted)
rElec   .            c - +0 cloak
rCorr   .            d - +0 pair of gloves
SInv    .            (no boots)
Will    .....        (no amulet)
Stlth   +++          h - +6 ring of dexterity
HPRegen 0.33/turn    i - ring of poison resistance
MPRegen 0.11/turn

%: no passive effects
@: heroic
A: horns 2, retaliatory headbutt
a: Renounce Religion


You were on level 8 of the Dungeon.
You worshipped Okawaru.
Okawaru was noncommittal.
You visited 2 branches of the dungeon, and saw 9 of its levels.
You also visited: Ossuary.

You collected 527 gold pieces.


Innate Abilities, Weirdness & Mutations

You have a pair of horns on your head.
You reflexively headbutt those who attack you in melee.


   Skills:
 - Level 7.1(12.1) Fighting
 + Level 10.9(15.9) Ranged Weapons
 - Level 3.0(8.0) Armour
 - Level 6.5(11.5) Dodging
 - Level 1.0 Spellcasting
 - Level 2.0 Hexes
 - Level 2.6 Invocations


You had 9 spell levels left.
You knew the following spells:

 Your Spells              Type           Power      Damage    Failure   Level
a - Slow                  Hex            16%        N/A       30%         1

Your spell library contained the following spells:

 Spells                   Type           Power      Damage    Failure   Level
 Inner Flame              Hex/Fire       2%         N/A       80%         3
 Portal Projectile        Hex/Tloc       4%         N/A       80%         3
 Cause Fear               Hex            2%         N/A       96%         4

Inventory:

Hand Weapons
 Y - a +0 shortbow (weapon)
Armour
 c - a +0 cloak (worn)
 d - a +0 pair of gloves (worn)
 g - a +0 ring mail (worn)
Jewellery
 h - a +6 ring of dexterity (left hand)
 i - a ring of poison resistance (right hand)
 j - a ring of positive energy
Wands
 e - a wand of digging (2)
Scrolls
 f - a scroll of identify
Potions
 a - a potion of cancellation
 b - 3 potions of haste
 l - 2 potions of mutation
 m - 4 potions of curing
 n - a potion of might
 o - a potion of resistance
 p - a potion of magic
 q - a potion of enlightenment
 s - a potion of invisibility {unknown}

Dungeon Overview and Level Annotations

Branches:
Dungeon (8/15)             Temple (1/1) D:4         Ossuary (visited)
   Lair: D:8-11

Altars:
Ashenzari
Cheibriados
Dithmenos
Elyvilon
Fedhas
Gozag
Hepliaklqana
Kikubaaqudgha
Makhleb
Nemelex Xobeh
Okawaru
Qazlal
Sif Muna
Trog
Uskayaw
Vehumet
Wu Jian
Xom
Yredelemnul
Zin

Annotations:
D:7 1 runed translucent door, Crazy Yiuf


Message History

You shoot an arrow. The arrow hits the killer bee!
You kill the killer bee!
Okawaru accepts your kill.
The killer bee stings you but does no damage.
The killer bee closely misses you.
A kobold zombie comes into view.
The killer bee closely misses you. The killer bee barely misses you.
You furiously retaliate!
You headbutt the killer bee. You shoot an arrow.
The arrow completely misses the killer bee.
The goblin completely misses you. The killer bee misses you.
The killer bee closely misses you. You furiously retaliate!
You headbutt the killer bee. You shoot an arrow.
The arrow barely misses the killer bee.
The killer bee completely misses you. The killer bee misses you.
The goblin closely misses you. The killer bee completely misses you.
You furiously retaliate!
You headbutt the killer bee. The killer bee closely misses you.
The troll closely misses you. The troll claws you but does no damage.
The troll closely misses you.
You shoot an arrow. The arrow hits the killer bee!
The killer bee is severely wounded.
The killer bee barely misses you. The killer bee completely misses you.
You furiously retaliate!
You headbutt the killer bee!
You kill the killer bee!
Okawaru accepts your kill.
The goblin completely misses you. x2; The killer bee barely misses you.
The troll bites you! The troll claws you. The troll misses you.
You shoot an arrow. The arrow hits the troll.
The troll is lightly wounded.
The killer bee stings you. The goblin completely misses you.
The goblin barely misses you.
You shoot an arrow. The arrow hits the troll!
The troll is moderately wounded.
The killer bee closely misses you. The troll bites you! The troll claws you! x2
The killer bee misses you. The goblin hits you but does no damage.
The goblin barely misses you.
You shoot an arrow. The arrow hits the troll.
The troll is moderately wounded.
The killer bee misses you. The troll bites you! The troll claws you!
You die...

... .. #..
.##.Z##
.......
......$##
~~...g%y##
)~..ggT@.##
)~..##....##
. ###..<#
##...#
#......
##.......
#.......#
.......##
......##


You could see a troll, a killer bee, a kobold zombie and 3 goblins.

Vanquished Creatures
  Pikel (D:6)
  A hornet (D:7)
  Menkaure (D:7)
  A water moccasin (D:5)
  Duvessa (D:7)
  2 orc warriors
  3 black bears
  2 ogres (D:4)
  A bullfrog (D:8)
  2 water moccasin zombies (Ossuary)
  A scorpion (D:4)
  Dowan (D:7)
  3 killer bees (D:8)
  A howler monkey (D:5)
  2 orc priests
  2 jellies
  4 hounds
  A sleepcap (D:6)
  2 gnoll boudas
  2 iguanas (D:5)
  5 orc wizards
  2 mummies (Ossuary)
  7 adders
  15 gnolls
  2 shadow imps (D:7)
  An ufetubus (D:5)
  6 adder zombies (Ossuary)
  A worm (D:4)
  4 dart slugs
  23 orcs
  9 ball pythons
  5 bats
  8 endoplasms
  3 giant cockroaches (D:4)
  8 goblins
  12 hobgoblins
  8 jackals
  9 kobolds
  3 quokkas
  2 frilled lizards
  6 gnoll zombies (Ossuary)
  6 hobgoblin zombies (Ossuary)
  3 kobold zombies (Ossuary)
  5 orc zombies (Ossuary)
  9 rats
196 creatures vanquished.

Vanquished Creatures (others)
  A wizard (D:7)
1 creature vanquished.

Grand Total: 197 creatures vanquished

Notes
Turn   | Place    | Note
-------+----------+-------------------------------------------
     0 | D:1      | qw the Minotaur Hexslinger began the quest for the Orb.
     0 | D:1      | Reached XP level 1. HP: 16/16 MP: 1/1
     0 | D:1      | 0 ||| qw: Version: 0.3-a-52-g30416fa
     0 | D:1      | 0 ||| qw: Game counter: 6235
     0 | D:1      | 0 ||| qw: Melee chars always use a shield: true
     0 | D:1      | 0 ||| qw: God list: Okawaru
     0 | D:1      | 0 ||| qw: Allow faded altars: false
     0 | D:1      | 0 ||| qw: Do Orc after clearing Dungeon:15 true
     0 | D:1      | 0 ||| qw: Do second Lair branch before Depths: true
     0 | D:1      | 0 ||| qw: Lair rune preference: random
     0 | D:1      | 0 ||| qw: Goals: Normal
     0 | D:1      | 0 ||| PLANNING D:1-11
    91 | D:1      | Reached skill level 3 in Ranged Weapons
    93 | D:1      | Reached XP level 2. HP: 23/23 MP: 2/2
   344 | D:1      | Reached XP level 3. HP: 29/29 MP: 3/3
   454 | D:1      | 454 ||| UPGRADING to +0 ring mail.
   464 | D:1      | 464 ||| DROPPING +0 robe.
   465 | D:1      | 465 ||| UPGRADING to +6 ring of dexterity.
   466 | D:1      | 466 ||| READING scroll labelled VITATA YTAXOFY.
   467 | D:1      | 467 ||| READING 2 scrolls labelled ZOBAFO MECS.
   468 | D:1      | 468 ||| READING scroll labelled VINUTHIASI.
   469 | D:1      | 469 ||| READING scroll labelled NIENECUNTU.
   472 | D:1      | 472 ||| READING scroll labelled IGOURPH GERAPT.
   525 | D:1      | 525 ||| DRINKING 2 pink potions.
   526 | D:1      | 526 ||| DROPPING scroll of poison.
   527 | D:1      | 527 ||| DROPPING scroll of noise.
   528 | D:1      | 528 ||| DROPPING potion of brilliance.
   717 | D:2      | Reached skill level 4 in Ranged Weapons
   933 | D:2      | Found a burning altar of Makhleb.
   947 | D:2      | Reached skill level 1 in Armour
  1045 | D:2      | Reached XP level 4. HP: 36/36 MP: 4/4
  1359 | D:2      | 1359 ||| UPGRADING to +0 cloak.
  1364 | D:2      | 1364 ||| UPGRADING to +0 pair of gloves.
  1369 | D:2      | 1369 ||| UPGRADING to ring of poison resistance.
  1370 | D:2      | 1370 ||| READING scroll labelled XIUMPIASMU.
  1371 | D:2      | 1371 ||| READING scroll labelled PEEM TAERORCHIC.
  1372 | D:2      | 1372 ||| READING 2 scrolls labelled DISEZE BI SABI.
  1612 | D:3      | Reached skill level 5 in Ranged Weapons
  1669 | D:3      | Found a blossoming altar of Fedhas.
  1780 | D:3      | Reached XP level 5. HP: 42/42 MP: 5/5
  1793 | D:3      | Reached skill level 3 in Fighting
  1895 | D:3      | Found the +6 shillelagh "Devastator" {shatter}
  2201 | D:4      | 2201 ||| PLANNING OSSUARY
  2220 | D:4      | Noticed a black bear
  2238 | D:4      | Killed a black bear
  2239 | D:4      | Reached skill level 6 in Ranged Weapons
  2239 | D:4      | Reached XP level 6. HP: 24/51 MP: 6/6
  2264 | D:4      | 2264 ||| FLEEEEING.
  2265 | D:4      | 2265 ||| FLEEEEING.
  2266 | D:4      | 2266 ||| FLEEEEING.
  2269 | D:4      | 2269 ||| FLEEEEING.
  2271 | D:4      | 2271 ||| FLEEEEING.
  2272 | D:4      | 2272 ||| FLEEEEING.
  2273 | D:4      | 2273 ||| STAIRDANCE
  2447 | D:4      | Found a sand-covered staircase.
  2448 | D:4      | 2448 ||| READING 2 scrolls labelled BUWY YC MUI.
  2449 | D:4      | 2449 ||| READING scroll of enchant weapon.
  2449 | D:4      | 2449 ||| ENCHANTING +2 sling.
  2458 | Ossuary  | Entered an ossuary
  2545 | Ossuary  | Reached skill level 7 in Ranged Weapons
  2604 | Ossuary  | Reached XP level 7. HP: 60/60 MP: 7/7
  2732 | Ossuary  | 2732 ||| READING scroll of enchant weapon.
  2732 | Ossuary  | 2732 ||| ENCHANTING +3 sling.
  2735 | Ossuary  | 2735 ||| DRINKING 5 yellow potions.
  2775 | Ossuary  | 2775 ||| DRINKING 4 purple potions.
  2776 | Ossuary  | 2776 ||| READING 3 scrolls of identify.
  2776 | Ossuary  | 2776 ||| IDENTIFYING emerald potion
  2777 | Ossuary  | 2777 ||| READING 2 scrolls of identify.
  2777 | Ossuary  | 2777 ||| IDENTIFYING dark potion
  2778 | Ossuary  | 2778 ||| DROPPING 4 potions of lignification.
  2786 | D:4      | 2786 ||| PLANNING D:1-11
  2833 | D:4      | Reached skill level 3 in Dodging
  2910 | D:4      | Reached skill level 8 in Ranged Weapons
  3050 | D:4      | You fall into a shaft and drop 1 floor!
  3050 | D:5      | Entered Level 5 of the Dungeon
  3061 | D:4      | Found a staircase to the Ecumenical Temple.
  3062 | D:4      | 3062 ||| PLANNING TEMPLE
  3070 | Temple   | Entered the Ecumenical Temple
  3127 | Temple   | 3127 ||| PLANNING OKAWARU WORSHIP
  3187 | Temple   | Became a worshipper of Warmaster Okawaru
  3188 | Temple   | 3188 ||| PLANNING D:1-11
  3575 | D:5      | Reached XP level 8. HP: 67/68 MP: 8/8
  3877 | D:5      | Reached skill level 9 in Ranged Weapons
  4078 | D:5      | 4078 ||| READING scroll labelled VEAMPY YHIBRAI.
  4079 | D:5      | 4079 ||| READING 2 scrolls of identify.
  4079 | D:5      | 4079 ||| IDENTIFYING lumpy inky potion
  4170 | D:6      | Reached skill level 6 in Fighting
  4183 | D:6      | 4183 ||| DRINKING 4 potions of curing.
  4183 | D:6      | 4183 ||| (to cure confusion)
  4253 | D:6      | Noticed Pikel
  4265 | D:6      | Killed Pikel
  4265 | D:6      | Reached * piety under Okawaru
  4266 | D:6      | Reached skill level 6 in Dodging
  4352 | D:6      | 4352 ||| INVOKING Heroism.
  4363 | D:6      | 4363 ||| DRINKING 4 potions of curing.
  4363 | D:6      | 4363 ||| (to cure confusion)
  4364 | D:6      | Reached skill level 1 in Invocations
  4410 | D:6      | 4410 ||| INVOKING Heroism.
  4411 | D:6      | 4411 ||| Stepping ~*~*~tactically~*~*~ (outnumbered).
  4427 | D:6      | 4427 ||| INVOKING Heroism.
  4428 | D:6      | 4428 ||| INVOKING Heroism.
  4518 | D:6      | 4518 ||| INVOKING Heroism.
  4523 | D:6      | Reached XP level 9. HP: 75/75 MP: 6/9
  4695 | D:6      | 4695 ||| INVOKING Heroism.
  4953 | D:6      | 4953 ||| READING 3 scrolls of identify.
  4953 | D:6      | 4953 ||| IDENTIFYING fizzy yellow potion
  4954 | D:6      | 4954 ||| READING 2 scrolls of identify.
  4954 | D:6      | 4954 ||| IDENTIFYING grey potion
  4994 | D:7      | 4994 ||| INVOKING Heroism.
  4999 | D:7      | Reached skill level 10 in Ranged Weapons
  5230 | D:7      | Found a runed translucent door.
  5231 | D:7      | Noticed Crazy Yiuf
  5290 | D:7      | 5290 ||| INVOKING Heroism.
  5313 | D:7      | 5313 ||| FLEEEEING.
  5314 | D:7      | 5314 ||| FLEEEEING.
  5480 | D:7      | Reached skill level 3 in Armour
  5553 | D:7      | Noticed Duvessa
  5553 | D:7      | Noticed Dowan
  5556 | D:7      | Noticed Menkaure
  5563 | D:7      | Killed Duvessa
  5564 | D:7      | 5564 ||| INVOKING Heroism.
  5565 | D:7      | HP: 15/78 [??? (12)]
  5566 | D:7      | 5566 ||| READING scroll of teleportation.
  5567 | D:7      | 5567 ||| DRINKING potion of heal wounds.
  5568 | D:7      | Killed Menkaure
  5672 | D:7      | 5672 ||| INVOKING Heroism.
  5894 | D:7      | 5894 ||| Stepping ~*~*~tactically~*~*~ (outnumbered).
  6003 | D:7      | Found a bloodstained altar of Trog.
  6009 | D:7      | Noticed a wizard
  6012 | D:7      | Killed a wizard
  6067 | D:7      | 6067 ||| SWAPPING to +0 shortbow.
  6068 | D:7      | 6068 ||| DROPPING +4 sling.
  6109 | D:7      | Killed Dowan
  6405 | D:7      | 6405 ||| DROPPING ring of wizardry.
  6406 | D:7      | 6406 ||| READING scroll labelled DIYHOA LYFOMN.
  6507 | D:7      | 6507 ||| READING scroll labelled ICREAG ZEFOANKEL.
  6508 | D:7      | 6508 ||| READING 4 scrolls of identify.
  6508 | D:7      | 6508 ||| IDENTIFYING clear potion
  6509 | D:7      | 6509 ||| READING 3 scrolls of identify.
  6509 | D:7      | 6509 ||| IDENTIFYING white potion
  6510 | D:7      | 6510 ||| READING 2 scrolls of identify.
  6510 | D:7      | 6510 ||| IDENTIFYING brown potion
  6549 | D:8      | Noticed a troll
  6553 | D:8      | 6553 ||| INVOKING Heroism.
  6561 | D:8      | HP: 11/79 [troll (10)]
  6562 | D:8      | HP: 1/79 [troll (10)]
  6562 | D:8      | Mangled by a troll

Levels and vault maps discovered:
D:1:      minmay_arrival_open_corners, layout_rooms, grunt_decor_fettered
D:2:      layout_loops_corners, basic_altar
D:3:      layout_loops_ring, lemuel_doored_altar, palyth_stone_intersect,
          minmay_misc_feat_columns
D:4:      layout_loops_ring, minmay_temple_entry_sparse_star,
          chequers_ossuary_entry_cave, minmay_bisected
D:5:      layout_basic
D:6:      layout_gridville, uniq_pikel
D:7:      layout_gridville, trog_wizard, uniq_duvessa, uniq_menkaure,
          uniq_crazy_yiuf_cottage
D:8:      layout_layer_cave, nicolae_tso_besieged_by_evil, enter_bailey_5,
          minmay_misc_feat_ornament
Temple:   nicolae_temple_two_arcs

Skill      XL: |  1  2  3  4  5  6  7  8  9 |
---------------+----------------------------+-----
Ranged Weapons | 3 4 5 6 7 8 9 10 | 10.9
Fighting       | 2 3 4 5 6 7 |  7.1
Armour         | 1 2 3 |  3.0
Dodging        | 3 6 |  6.5
Invocations    | 1 2 |  2.6
Spellcasting   | |  1.0
Hexes          | |  2.0

Action                     |  1- 3 |  4- 6 |  7- 9 || total
---------------------------+-------+-------+-------++-------
   Fire: Sling             |   109 |   204 |   343 ||   656
         Shortbow          |       |       |    41 ||    41
 Invoke: Heroism           |       |       |    10 ||    10
    Use: Scroll            |     5 |     5 |    13 ||    23
         Potion            |     1 |       |     5 ||     6
 Armour: Robe              |     2 |       |       ||     2
         Ring mail         |     3 |    62 |    49 ||   114
  Dodge: Dodged            |    23 |    95 |   151 ||   269

Table legend:
 A = Non-vault XP
 B = Vault XP
 C = Vault XP percentage of total XP
 D = Non-vault monster count
 E = Vault monster count
 F = Vault count percentage of total count
                 A         B        C        D         E       F
            +---------+---------+-------+---------+---------+-------
      Total |    2878 |    1404 |  32.8 |     159 |      37 |  18.9
            +---------+---------+-------+---------+---------+-------
        D:1 |      50 |       0 |   0.0 |      27 |       0 |   0.0
        D:2 |      62 |       0 |   0.0 |      23 |       0 |   0.0
        D:3 |     156 |       0 |   0.0 |      29 |       0 |   0.0
        D:4 |     536 |     120 |  18.3 |      22 |       2 |   8.3
        D:5 |     522 |       0 |   0.0 |      14 |       0 |   0.0
        D:6 |     687 |     651 |  48.7 |      24 |       1 |   4.0
        D:7 |     591 |     381 |  39.2 |      16 |       3 |  15.8
        D:8 |     274 |       2 |   0.7 |       4 |       1 |  20.0
    Ossuary |       0 |     250 | 100.0 |       0 |      30 | 100.0
            +---------+---------+-------+---------+---------+-------
